 Dungeon Crawl Stone Soup version 0.29.1-13-g9f3cf754e1 (webtiles) character file.

Game seed: 17101164345809401434

43 lilitu the Covered (level 3, -3/33 HPs)
             Began as a Minotaur Fighter on Jan 31, 2023.
             Slain by an iguana (5 damage)
             ... on level 2 of the Dungeon.
             The game lasted 00:01:27 (922 turns).

lilitu the Covered (Minotaur Fighter)                Turns: 922, Time: 00:01:27

Health: -3/33      AC:  7    Str: 22    XL:     3   Next: 37%
Magic:  2/2        EV:  9    Int:  5    God:
Gold:   70         SH:  4    Dex:  9    Spells: 2/2 levels left

rFire   . . .      SeeInvis .   a - +0 flail
rCold   . . .      Faith    .   c - +0 buckler
rNeg    . . .      Spirit   .   b - +0 scale mail
rPois   .          Reflect  .   (helmet restricted)
rElec   .          Harm     .   (no cloak)
rCorr   .          Rampage  .   (no gloves)
Will    .....                   (no boots)
Stlth   ..........              (no amulet)
HPRegen 0.11/turn               (no ring)
MPRegen 0.08/turn               (no ring)

@: no status effects
A: horns 2, retaliatory headbutt
a: no special abilities


You were on level 2 of the Dungeon.
You visited 1 branch of the dungeon, and saw 2 of its levels.

You collected 70 gold pieces.

Inventory:

Hand Weapons
 a - a +0 flail (weapon)
Missiles
 e - 32 stones (quivered)
Armour
 b - a +0 scale mail (worn)
 c - a +0 buckler (worn)
Scrolls
 h - a scroll of identify {unknown}
 i - 3 scrolls of amnesia {unknown}
 j - 2 scrolls of immolation {unknown}
Potions
 d - a potion of might
 f - a potion of brilliance {unknown}
 g - a potion of degeneration {unknown}


   Skills:
 + Level 4.0 Fighting
 + Level 3.0 Maces & Flails
 + Level 1.1 Throwing
 + Level 4.1 Armour
 + Level 4.0 Shields


You had 2 spell levels left.
You didn't know any spells.
Your spell library was empty.

Dungeon Overview and Level Annotations

Branches:
Dungeon (2/15)

Altars:


Innate Abilities, Weirdness & Mutations

You have a pair of horns on your head.
You reflexively headbutt those who attack you in melee.


Message History

The iguana bites you but does no damage.
You closely miss the bat. The bat hits you but does no damage.
The iguana bites you!
You hit the iguana.
The iguana is moderately wounded.
The bat closely misses you. You furiously retaliate!
You headbutt the bat, but do no damage. The iguana completely misses you.
You furiously retaliate!
You headbutt the iguana! You closely miss the bat.
The bat hits you but does no damage. The iguana barely misses you.
You closely miss the iguana.
You headbutt the iguana, but do no damage.
The iguana is almost dead.
You block the bat's attack. The bat hits you but does no damage.
The iguana bites you.
* * * LOW HITPOINT WARNING * * *
The iguana bites you.
* * * LOW HITPOINT WARNING * * *
You hit the iguana but do no damage.
The iguana is almost dead.
The bat hits you.
* * * LOW HITPOINT WARNING * * *
The bat barely misses you. You furiously retaliate!
You headbutt the bat.
You kill the bat!
The iguana barely misses you.
You barely miss the iguana. Your headbutt misses the iguana.
The iguana is almost dead.
The iguana bites you but does no damage.
You closely miss the iguana.
The iguana is almost dead.
The iguana bites you but does no damage.
You completely miss the iguana.
You headbutt the iguana, but do no damage.
The iguana is almost dead.
You block the iguana's attack.
The iguana bites you but does no damage.
You hit the iguana. Your headbutt misses the iguana.
The iguana is almost dead.
The iguana bites you.
You die...

#####.##.# ...†..##.#
.. #.....<..# .# #
#.#####..## .###># #
####...## ####.....#
.##.......# #........#
.......#..# #........#
.......#..####.........
..............!@l....#
........######.......#
.#####..# #.......#
........# #.......#
#######)# ######### #.#
... #.... #...##


You could see an iguana.

Vanquished Creatures
  An adder (D:2)
  2 bats
  An endoplasm (D:1)
  A giant cockroach (D:1)
  5 goblins (D:1)
  3 hobgoblins (D:1)
  2 quokkas (D:1)
  3 ball pythons
  A frilled lizard (D:1)
  8 kobolds (D:1)
  4 rats (D:1)
31 creatures vanquished.

Notes
Turn   | Place    | Note
-------+----------+-------------------------------------------
     0 | D:1      | lilitu the Minotaur Fighter began the quest for the Orb.
     0 | D:1      | Reached XP level 1. HP: 19/19 MP: 0/0
   214 | D:1      | Reached XP level 2. HP: 27/27 MP: 1/1
   609 | D:1      | Reached skill level 1 in Throwing
   613 | D:1      | Reached XP level 3. HP: 27/33 MP: 2/2
   918 | D:2      | HP: 1/33 [bat (1)]
   922 | D:2      | Slain by an iguana

Illustrated notes

Levels and vault maps discovered:
D:1:      heliophobic_arrival_enchanted_forest, layout_basic,
          minmay_misc_feat_tiny
D:2:      layout_loops_cross, hellmonk_ecumenical_altar_zigzags, uniq_natasha,
          uniq_robin

Skill      XL: |  1  2  3 |
---------------+----------+-----
Armour         | 4 |  4.1
Throwing       | 1 |  1.1
Fighting       | 4 |  4.0
Shields        | 4 |  4.0
Maces & Flails | 3 |  3.0

Action                   || total
-------------------------++-------
Melee: Flail             ||    86
       Headbutt          ||     9
Armor: Scale mail        ||    50
Dodge: Dodged            ||    43
Block: Buckler           ||    23
